 Dungeon Crawl Stone Soup version 0.29-a0-100-g60f898f876 (webtiles) character file.

Game seed: 8924827937682397516

28445 kae the Grappler (level 13, 0/111 HPs)
             Began as a Grey Draconian Transmuter on Feb 14, 2022.
             Was a Follower of Ru.
             Slain by a 16-headed hydra (12 damage)
             ... on level 2 of the Lair of Beasts.
             The game lasted 00:12:45 (19605 turns).

kae the Grappler (Grey Draconian Transmuter)       Turns: 19605, Time: 00:12:46

Health: 0/111      AC: 16    Str: 12    XL:     13   Next: 9%
Magic:  20/24      EV: 15    Int: 16    God:    Ru [*.....]
Gold:   553        SH:  5    Dex: 13    Spells: 14/27 levels left

rFire   . . .      SeeInvis .     - Unarmed
rCold   . . .      Faith    .   (shield currently unavailable)
rNeg    . . .      Spirit   .   (armour unavailable)
rPois   +          Reflect  +   a - +2 hat
rElec   .          Harm     .   x - +0 cloak
rCorr   .          Rampage  .   (gloves currently unavailable)
Will    .....                   (no boots)
Stlth   ..........              y - amulet of reflection
HPRegen 0.28/turn               s - ring of poison resistance
MPRegen 0.19/turn               i - ring of wizardry

@: blade hands
A: AC +13, amphibious, unfitting armour, weak 1, cold-blooded, no stealth
a: End Transformation, Renounce Religion


You were on level 2 of the Lair of Beasts.
You worshipped Ru.
Ru was aware of your devotion.
You had blades for hands.
You visited 3 branches of the dungeon, and saw 13 of its levels.
You also visited: Sewer, Bailey and Gauntlet.

You collected 731 gold pieces.
You spent 178 gold pieces at shops.

Inventory:

Hand Weapons
 q - the +10 arbalest "Adiawei" {vorpal, MP-9 Str+5 Int+5}
   (You found it in a Gauntlet)

   Any ammunition fired from it inflicts extra damage upon your enemies.
   Str:       It affects your strength (+5).
   Int:       It affects your intelligence (+5).
   MP:        It affects your magic capacity (-9).
Missiles
 C - 5 throwing nets
Armour
 a - a +2 hat (worn)
 x - a +0 cloak (worn)
 L - the +2 pair of gloves "Terr" (melded) {rF+ rC+}
   (You found it in a Gauntlet)

   rF:        It protects you from fire.
   rC:        It protects you from cold.
 N - the +1 cloak "Nuxon" {rC- Str+8 Int+4}
   (You found it in a Gauntlet)

   Str:       It affects your strength (+8).
   Int:       It affects your intelligence (+4).
   rC:        It makes you vulnerable to cold.
Jewellery
 f - a ring of magical power
 g - an amulet of faith
 i - a ring of wizardry (right blade hand)
 j - a ring of flight
 s - a ring of poison resistance (left blade hand)
 u - a +6 ring of intelligence
 y - an amulet of reflection (around neck)
 G - a +6 ring of intelligence
 K - an amulet of guardian spirit
 O - an amulet of the acrobat
Wands
 r - a wand of polymorph (18)
 D - a wand of paralysis (11)
 E - a wand of iceblast (11)
 F - a wand of flame (16)
 I - a wand of acid (13)
Scrolls
 d - 5 scrolls of blinking
 e - 5 scrolls of amnesia
 l - 5 scrolls of enchant weapon
 t - 5 scrolls of teleportation
 B - 2 scrolls of enchant armour
 H - a scroll of fear
 J - a scroll of summoning
 M - 2 scrolls of identify
Potions
 b - a potion of haste
 c - 3 potions of attraction
 h - a potion of lignification
 k - 2 potions of flight
 m - 3 potions of brilliance
 n - 8 potions of curing
 o - a potion of magic
 p - 4 potions of mutation
 v - 2 potions of heal wounds
 w - 2 potions of degeneration
 z - 3 potions of resistance
 A - a potion of might
 P - a potion of berserk rage


   Skills:
 + Level 9.1 Fighting
 + Level 7.9 Dodging
 * Level 12.1 Unarmed Combat
 + Level 7.9 Spellcasting
 * Level 11.9 Transmutations
 - Level 5.0 Ice Magic
 - Level 2.0 Poison Magic


You had 14 spell levels left.
You knew the following spells:

 Your Spells              Type           Power      Damage    Failure   Level
a - Beastly Appendage     Tmut           88%        N/A       2%          1
b - Spider Form           Tmut/Pois      28%        N/A       9%          3
c - Ice Form              Ice/Tmut       33%        N/A       12%         4
d - Blade Hands           Tmut           22%        N/A       9%          5

Your spell library contained the following spells:

 Spells                   Type           Power      Damage    Failure   Level
 Wereblood                Tmut           44%        N/A       3%          2
 Ozocubu's Armour         Ice            22%        N/A       12%         3
 Animate Skeleton         Necr           12%        N/A       22%         1
 Foxfire                  Conj/Fire      24%        2x1d5     22%         1
 Pain                     Necr           24%        1d5       22%         1
 Slow                     Hex            24%        N/A       22%         1
 Blink                    Tloc           12%        N/A       28%         2
 Yara's Violent Unravell  Hex/Tmut       12%        3d7       36%         5
 Confusing Touch          Hex            6%         N/A       43%         3
 Conjure Flame            Conj/Fire      6%         6-21      43%         3
 Inner Flame              Hex/Fire       6%         N/A       43%         3
 Portal Projectile        Hex/Tloc       12%        N/A       43%         3
 Teleport Other           Tloc           6%         N/A       43%         3
 Tukima's Dance           Hex            6%         N/A       43%         3
 Vampiric Draining        Necr           6%         2d6       43%         3
 Flame Wave               Conj/Fire      6%         2d5       73%         4
 Iskenderun's Mystic Bla  Conj/Tloc      6%         2d4       73%         4
 Passage of Golubria      Tloc           6%         N/A       73%         4
 Metabolic Englaciation   Hex/Ice        7%         N/A       73%         5
 Excruciating Wounds      Necr           3%         N/A       94%         5
 Simulacrum               Ice/Necr       7%         N/A       99%         6


Dungeon Overview and Level Annotations

Branches:
Dungeon (10/15)            Temple (1/1) D:4            Lair (2/6) D:9
  Sewer (visited)          Bailey (visited)         Gauntlet (visited)
  Swamp: Lair:2-4    Shoals: Lair:2-4     Snake: Lair:2-4    Spider: Lair:2-4
    Orc: D:9-12

Altars:
Ashenzari
Cheibriados
Dithmenos
Elyvilon
Fedhas
Gozag
Hepliaklqana
Kikubaaqudgha
Makhleb
Nemelex Xobeh
Okawaru
Qazlal
Ru
Sif Muna
Trog
Uskayaw
Vehumet
Wu Jian
Xom
Yredelemnul
Zin
The Shining One

Shops:
D:5 ?   D:6 !


Innate Abilities, Weirdness & Mutations

You have blades for hands.
Your spellcasting is less reliable in this form.
You are incapable of wielding weapons or throwing items.
Your dull iron-grey scales are very hard. (AC +13)
You are amphibious.
You cannot fit into any form of body armour.
You are weak. (Str -2)
You are cold-blooded and may be slowed by cold attacks.
You cannot be stealthy.


Message History

You tail-slap the 13-headed hydra.
The 13-headed hydra is moderately wounded.
The 13-headed hydra is stunned by your conviction and fails to attack.
The 13-headed hydra bites you but does no damage. x2
The 13-headed hydra bites you. x2; The 13-headed hydra closely misses you.
The 13-headed hydra completely misses you.
You block the 13-headed hydra's attack. The 13-headed hydra barely misses you.
The 13-headed hydra bites you! The 13-headed hydra bites you.
* * * LOW HITPOINT WARNING * * *
The 13-headed hydra bites you.
* * * LOW HITPOINT WARNING * * *
The 13-headed hydra barely misses you. The 13-headed hydra closely misses you.
You chop one of the 13-headed hydra's heads off!
The 12-headed hydra grows two more!
You slice the 14-headed hydra!!
The 14-headed hydra is heavily wounded.
You hack one of the 14-headed hydra's heads off!
The 13-headed hydra grows two more!
You slice the 15-headed hydra!!
The 15-headed hydra is almost dead.
The 15-headed hydra barely misses you.
The 15-headed hydra bites you but does no damage.
You block the 15-headed hydra's attack. The 15-headed hydra bites you!
* * * LOW HITPOINT WARNING * * *
The 15-headed hydra misses you. The 15-headed hydra closely misses you.
You block the 15-headed hydra's attack.
The 15-headed hydra bites you but does no damage. x3
You block the 15-headed hydra's attack. The 15-headed hydra closely misses you.
The 15-headed hydra barely misses you. The 15-headed hydra bites you.
* * * LOW HITPOINT WARNING * * *
The 15-headed hydra bites you.
* * * LOW HITPOINT WARNING * * *
You hack one of the 15-headed hydra's heads off!
The 14-headed hydra grows two more!
You hit the 16-headed hydra.
The 16-headed hydra is almost dead.
The 16-headed hydra completely misses you.
The 16-headed hydra misses you.
The 16-headed hydra bites you but does no damage. x2
The 16-headed hydra closely misses you. The 16-headed hydra bites you.
* * * LOW HITPOINT WARNING * * *
You block the 16-headed hydra's attack. The 16-headed hydra bites you!
You die...

..†.##..#.....#
....#...##.#..##
#..........##..####
#...8...8...#...#.#
#.....>..........#
....8...8.?.#..#.## #
...........#......#.###.
.#.##...##.#..##........
.....#.##....##.@.......
##..........##..D.......
.##.......#.........<...
...#..+#.#..............
....#...................
#.(#.....#...#.#P.......
#..#8.>.8...########P.##
#...........# ###
#####.8.....#


You could see a 16-headed hydra.

Vanquished Creatures
  A minotaur (Gauntlet)
  Snorg (D:10)
  3 two-headed ogres
  7 death yaks (D:9)
  2 cane toads (Lair:1)
  A kobold demonologist (D:10)
  Joseph (Lair:1)
  A gargoyle (D:8)
  A rime drake (Lair:2)
  The ghost of Ajdolov the Digger, a novice OpEE of Vehumet (D:6)
  2 komodo dragons (Lair:1)
  A polar bear (Lair:1)
  A hornet (D:9)
  Grinder (D:3)
  10 blink frogs
  2 raiju (Gauntlet)
  10 shadows (Gauntlet)
  13 flying skulls (Gauntlet)
  2 wyverns
  20 yaks
  A wraith (D:9)
  2 basilisks (Lair:1)
  2 steam dragons (Gauntlet)
  Menkaure (D:6)
  Duvessa (D:6)
  6 water moccasins
  A black bear (Lair:1)
  An ice beast (D:8)
  2 sky beasts
  A hornet zombie (D:8)
  3 orc warriors
  4 ogres
  2 necrophages
  28 wolves
  5 centaurs
  A wyvern zombie (D:7)
  6 bullfrogs
  5 kobold brigands
  9 gnoll sergeants (Bailey)
  6 scorpions
  2 wyvern skeletons
  Dowan (D:6)
  A water moccasin skeleton (D:5)
  5 killer bees (D:7)
  8 wights
  2 howler monkeys (D:10)
  2 centaur zombies
  2 orc priests
  A bullfrog zombie (D:5)
  2 jellies
  2 bullfrog skeletons (D:5)
  7 gnoll shamans
  3 hounds
  2 centaur skeletons
  5 iguanas
  7 orc wizards
  A hound skeleton (D:4)
  A howler monkey zombie (D:5)
  16 adders
  15 gnolls
  A howler monkey skeleton (D:7)
  3 river rats
  2 ufetubi
  5 worms
  27 orcs
  12 ball pythons
  6 endoplasms
  4 giant cockroaches
  9 goblins
  8 hobgoblins
  10 jackals
  6 quokkas
  4 bats
  6 frilled lizards
  21 kobolds
  12 rats
389 creatures vanquished.

Vanquished Creatures (others)
  4 fungi
  19 plants
23 creatures vanquished.

Grand Total: 412 creatures vanquished

Notes
Turn   | Place    | Note
-------+----------+-------------------------------------------
     0 | D:1      | kae the Draconian Transmuter began the quest for the Orb.
     0 | D:1      | Reached XP level 1. HP: 16/16 MP: 3/3
   404 | D:1      | Reached XP level 2. HP: 23/23 MP: 5/5
   607 | D:1      | Found a faded altar of an unknown god.
  1180 | D:2      | Found a bloodstained altar of Trog.
  1433 | D:2      | Reached XP level 3. HP: 19/28 MP: 4/6
  1437 | D:2      | Learned a level 3 spell: Spider Form
  2408 | D:2      | Reached XP level 4. HP: 36/36 MP: 7/7
  2646 | D:3      | Reached skill level 1 in Poison Magic
  2778 | D:3      | Found a glowing drain.
  2782 | Sewer    | Entered a sewer
  3036 | Sewer    | Noticed a kobold brigand
  3054 | Sewer    | Killed a kobold brigand
  3055 | Sewer    | Reached skill level 4 in Unarmed Combat
  3055 | Sewer    | Reached XP level 5. HP: 28/41 MP: 4/8
  3791 | Sewer    | Reached XP level 6. HP: 50/50 MP: 7/10
  3938 | D:3      | Found a shimmering altar of Xom.
  4024 | D:3      | Learned a level 4 spell: Ice Form
  4737 | D:3      | Noticed Grinder
  4755 | D:3      | Killed Grinder
  4756 | D:3      | Reached skill level 1 in Ice Magic
  4756 | D:3      | Your scales start taking on a dull iron-grey colour.
  4756 | D:3      | Reached XP level 7. HP: 55/56 MP: 6/11
  5079 | D:4      | Found a staircase to the Ecumenical Temple.
  5104 | D:4      | Reached skill level 5 in Unarmed Combat
  5355 | Temple   | Entered the Ecumenical Temple
  5587 | Temple   | Became a worshipper of Ru the Awakened
  6176 | D:5      | Entered Level 5 of the Dungeon
  6176 | D:5      | Found an ancient bone altar of Kikubaaqudgha.
  6242 | D:5      | Reached XP level 8. HP: 63/63 MP: 5/13
  6329 | D:5      | Reached skill level 5 in Transmutations
  6636 | D:5      | Reached skill level 6 in Unarmed Combat
  6808 | D:5      | Found Oghisini's Magic Scroll Boutique.
  7079 | D:5      | Bought a scroll of identify for 22 gold pieces
  7079 | D:5      | Bought a scroll of identify for 22 gold pieces
  7079 | D:5      | Bought a scroll of identify for 22 gold pieces
  7210 | D:6      | Found a broken altar of Ashenzari.
  7406 | D:6      | Reached XP level 9. HP: 71/71 MP: 11/15
  7468 | D:6      | Found Elafac's Distillery.
  7476 | D:6      | Bought a potion of degeneration for 14 gold pieces
  7476 | D:6      | Bought a potion of might for 56 gold pieces
  7476 | D:6      | Bought a potion of curing for 42 gold pieces
  7661 | D:6      | Found a stormy altar of Qazlal.
  7868 | D:6      | Found a runed translucent door.
  7925 | D:6      | Noticed Ajdolov's ghost (novice OpEE)
  8168 | D:6      | Noticed Menkaure
  8178 | D:6      | Killed Menkaure
  8440 | D:6      | Noticed Dowan
  8441 | D:6      | Noticed Duvessa
  8449 | D:6      | Killed Duvessa
  8454 | D:6      | Killed Dowan
  8668 | D:6      | Killed Ajdolov's ghost
  8669 | D:6      | Reached skill level 7 in Unarmed Combat
  8669 | D:6      | Reached skill level 5 in Ice Magic
  8847 | D:7      | Learned a level 5 spell: Blade Hands
  9129 | D:7      | Noticed a two-headed ogre
  9137 | D:7      | Killed a two-headed ogre
  9138 | D:7      | Reached skill level 5 in Fighting
  9390 | D:7      | Noticed a komodo dragon
  9390 | D:7      | Noticed a cyclops
  9703 | D:7      | Reached XP level 10. HP: 62/81 MP: 11/17
  9707 | D:7      | Reached skill level 5 in Spellcasting
  9881 | D:7      | Found an ornate altar of the Wu Jian Council.
  9889 | D:7      | Reached skill level 8 in Unarmed Combat
 10191 | D:7      | Reached skill level 5 in Dodging
 10760 | D:8      | Found a flagged portal.
 10803 | Bailey   | Entered a bailey
 11892 | Bailey   | Identified the +7 falchion of Remom {elec, Will++}
 12241 | D:8      | Reached skill level 9 in Unarmed Combat
 12461 | D:8      | Noticed a gargoyle
 12472 | D:8      | Killed a gargoyle
 13442 | D:9      | Noticed a death yak
 13442 | D:9      | Noticed a two-headed ogre
 13452 | D:9      | Noticed a death yak
 13453 | D:9      | Noticed a death yak
 13454 | D:9      | Noticed a death yak
 13454 | D:9      | Noticed a death yak
 13455 | D:9      | Killed a death yak
 13456 | D:9      | Reached XP level 11. HP: 91/91 MP: 14/19
 13456 | D:9      | Noticed a death yak
 13456 | D:9      | Noticed a death yak
 13458 | D:9      | Killed a two-headed ogre
 13461 | D:9      | Killed a death yak
 13465 | D:9      | Killed a death yak
 13465 | D:9      | Noticed a death yak
 13470 | D:9      | Killed a death yak
 13809 | D:9      | Killed a death yak
 13814 | D:9      | Killed a death yak
 13815 | D:9      | Reached skill level 10 in Unarmed Combat
 14034 | D:9      | Noticed a two-headed ogre
 14040 | D:9      | Killed a two-headed ogre
 14374 | D:9      | Found a staircase to the Lair.
 14462 | D:9      | Killed a death yak
 14614 | D:9      | Found a staircase to the Lair.
 15314 | D:10     | Entered Level 10 of the Dungeon
 15412 | D:10     | Reached skill level 10 in Transmutations
 15690 | D:10     | Gained mutation: You cannot be stealthy. [Ru sacrifice]
 15707 | D:10     | Noticed Snorg
 15717 | D:10     | Killed Snorg
 16383 | D:10     | Found a radiant altar of Vehumet.
 16582 | Lair:1   | Entered Level 1 of the Lair of Beasts
 16604 | D:9      | Reached XP level 12. HP: 30/101 MP: 19/22
 16958 | Lair:1   | Reached skill level 11 in Unarmed Combat
 17040 | Lair:1   | Found a gate leading to a gauntlet.
 17044 | Lair:1   | Noticed Joseph
 17056 | Lair:1   | Killed Joseph
 17063 | Gauntlet | Entered a Gauntlet
 17063 | Gauntlet | Found a transporter.
 17302 | Gauntlet | Found a transporter.
 17302 | Gauntlet | Found a transporter.
 17303 | Gauntlet | Found a transporter.
 17311 | Gauntlet | Found a transporter.
 17314 | Gauntlet | Found a transporter.
 17315 | Gauntlet | Found a transporter.
 17327 | Gauntlet | Found a transporter.
 17328 | Gauntlet | Found a transporter.
 17328 | Gauntlet | Found a transporter.
 17336 | Gauntlet | Found a transporter.
 17339 | Gauntlet | Found a transporter.
 17340 | Gauntlet | Found a transporter.
 17344 | Gauntlet | Found a runed translucent door.
 17346 | Gauntlet | Found a runed translucent door.
 17348 | Gauntlet | Found a transporter.
 17685 | Gauntlet | Identified the +2 pair of gloves "Terr" {rF+ rC+}
 18169 | Gauntlet | Identified the +1 cloak "Nuxon" {rC- Str+8 Int+4}
 18229 | Gauntlet | Noticed a minotaur
 18241 | Gauntlet | Killed a minotaur
 18293 | Gauntlet | Identified the +10 arbalest "Adiawei" {vorpal, MP-9 Str+5
                  | Int+5}
 18294 | Gauntlet | Got the Incunabulum of the Compass
 18723 | Lair:1   | Gained mutation: You are weak. (Str -2) [Ru sacrifice]
 18723 | Lair:1   | Reached * piety under Ru
 18812 | Lair:1   | Reached skill level 12 in Unarmed Combat
 19071 | Lair:1   | Reached XP level 13. HP: 111/111 MP: 19/24
 19605 | Lair:2   | Slain by a 16-headed hydra

Illustrated notes

Levels and vault maps discovered:
D:1:      minmay_arrival_widening_spiral_wide, layout_basic,
          chequers_ecumenical_altar_twisty, minmay_tromino_v4_b
D:2:      minmay_chambers_of_ones, layout_loops_ring, basic_altar,
          small_statue_intersection, kennysheep_generic_room_14
D:3:      minmay_razor_zed, layout_basic, xom_butterflies, gup_sewer_entry_bowl,
          uniq_grinder
D:4:      layout_rooms, minmay_temple_entry_arrows
D:5:      layout_rooms, kiku_gazebo_garden_becter, serial_shops,
          nicolae_shop_temple_entry_statues_fountains,
          minmay_misc_feat_four_crosses
D:6:      layout_cave_pods, lemuel_tele_altar, nicolae_ashenzari_skybound,
          ebering_ghost_reflecting_pool, serial_shops, shop, uniq_menkaure,
          uniq_duvessa
D:7:      layout_loops_ring, nicolae_wu_jian_wuxing_cycle,
          lightli_corner_chamber
D:8:      layout_gridville, enter_bailey_3
D:9:      layout_loops_ring, dpeg_lair_monsters,
          amcnicky_mini_rare_corridor_liquid
D:10:     layout_gridville, mainiacjoe_overflow_tiny_flanked,
          chequers_serial_rivers_marsh, uniq_snorg
Temple:   nicolae_temple_elliptical
Lair:1:   layout_hall_layers, gauntlet_entry_generic, grunt_megastairs_4,
          serial_bayou_shore_a, uniq_joseph
Lair:2:   layout_hall_layers, nicolae_quartered_pool_super,
          grunt_forest_stairs_basic, grunt_megastairs_2

Skill      XL: |  1  2  3  4  5  6  7  8  9 10 11 12 |
---------------+-------------------------------------+-----
Dodging        | 2 3 4 5 6 7 |  7.9
Poison Magic   | 1 2 |  2.0
Transmutations | 3 4 6 7 9 10 11 | 11.9
Fighting       | 2 3 4 5 6 7 9 |  9.1
Unarmed Combat | 4 5 6 7 9 10 12 | 12.1
Spellcasting   | 3 4 5 6 7 |  7.9
Ice Magic      | 1 3 4 5 |  5.0

Action                   |  1- 3 |  4- 6 |  7- 9 | 10-12 | 13-15 || total
-------------------------+-------+-------+-------+-------+-------++-------
Melee: Unarmed           |   106 |   180 |   273 |   505 |    50 ||  1114
       Tailslap          |    11 |     8 |    14 |    89 |    12 ||   134
       Kick              |    10 |     7 |       |       |       ||    17
       Headbutt          |     5 |     7 |       |       |       ||    12
       Punch             |       |     2 |     2 |    44 |     3 ||    51
 Cast: Beastly Appendage |    23 |    17 |       |       |       ||    40
       Spider Form       |       |    16 |     5 |       |       ||    21
       Ice Form          |       |       |    33 |     2 |       ||    35
       Blade Hands       |       |       |     4 |    64 |     4 ||    72
Invok: Reject Sacrifices |       |       |     1 |       |       ||     1
       Sacrifice Stealth |       |       |       |     1 |       ||     1
       Sacrifice Purity  |       |       |       |     1 |       ||     1
 Abil: End Transformatio |       |       |     1 |       |       ||     1
  Use: Scroll            |     5 |     4 |     8 |     7 |       ||    24
       Potion            |       |       |       |     2 |       ||     2
 Stab: Sleeping          |     1 |     1 |       |       |       ||     2
Armor: Skin              |    29 |    31 |   115 |   189 |    30 ||   394
Dodge: Dodged            |    66 |   146 |   166 |   377 |    58 ||   813
Block: Other             |       |       |       |   112 |    15 ||   127
       Reflection        |       |       |       |     6 |       ||     6

Table legend: (Time is in decaauts)
 A = Elapsed time spent in this place.
 B = Non-inter-level travel time spent in this place.
 C = Inter-level travel time spent in this place.
 D = Time resting spent in this place.
 E = Time spent auto-exploring this place.
 F = Levels seen in this place.
 G = Mean time per level.
                   A        B        C        D        E       F      G
               +--------+--------+--------+--------+--------+-----+--------+
         Total |  19464 |  18974 |    490 |   2459 |  13550 |  16 | 1216.5 |
       Dungeon |  14094 |  13649 |    445 |   1107 |  10685 |  10 | 1409.4 |
        Temple |    241 |    213 |     28 |      0 |    198 |   1 |  241.0 |
          Lair |   1464 |   1449 |     15 |      0 |   1089 |   2 |  732.0 |
         Sewer |   1098 |   1098 |      0 |    225 |    670 |   1 | 1098.0 |
        Bailey |   1344 |   1344 |      0 |    627 |    409 |   1 | 1344.0 |
      Gauntlet |   1221 |   1221 |      0 |    499 |    499 |   1 | 1221.0 |
               +--------+--------+--------+--------+--------+-----+--------+

Top non-repeatable levels by time:
     D:9: 2438 daAuts
     D:7: 1732 daAuts
     D:6: 1535 daAuts
     D:8: 1398 daAuts
     D:2: 1370 daAuts
  Bailey: 1344 daAuts
Gauntlet: 1221 daAuts
     D:3: 1208 daAuts
    D:10: 1190 daAuts
     D:1: 1148 daAuts
   Sewer: 1098 daAuts
     D:4: 1085 daAuts
  Lair:1: 1066 daAuts
     D:5: 985 daAuts
  Lair:2: 397 daAuts
